 Dungeon Crawl Stone Soup version 0.17.0-9-g801d43b (console) character file.

20 gw the Skirmisher (level 2, -2/28 HPs)
             Began as a Naga Fighter on Nov 9, 2015.
             Slain by Sigmund
             ... wielding a cursed +0 scythe
              (8 damage)
             ... on level 2 of the Dungeon.
             The game lasted 00:00:54 (970 turns).

gw the Skirmisher (Naga Fighter)                     Turns: 970, Time: 00:00:54

Health: -2/28      AC:  6    Str: 23    XL:     2   Next: 79%
Magic:  2/2        EV:  3    Int:  8    God:
Gold:   99         SH:  9    Dex: 10    Spells: 0 memorised, 1 level left

rFire  . . .     SeeInvis +     a - +0 flail
rCold  . . .     Clarity  .     f - +0 chain mail
rNeg   . . .     SustAt   .     c - +0 shield
rPois  +         Gourm    .     (no helmet)
rElec  .         Spirit   .     b - +0 cloak (curse)
rCorr  .         Warding  .     (no gloves)
rMut   .         Stasis   .     (no barding)
MR     .....                    h - amulet of inaccuracy (curse)
Stlth  ..........               (no ring)
                                (no ring)

@: mighty, very slow, not resistant to hostile enchantments, extremely
unstealthy
A: see invisible, deformed body, poison resistance, slowness 2, slow metabolism
1, spit poison 2, AC +0
a: Spit Poison


You were on level 2 of the Dungeon.
You were not hungry.

You visited 1 branch of the dungeon, and saw 2 of its levels.

You collected 99 gold pieces.

Inventory:

Hand Weapons
 a - a +0 flail (weapon)
Missiles
 g - 9 stones (quivered)
Armour
 b - a cursed +0 cloak (worn)
 c - a +0 shield (worn)
 f - a +0 chain mail (worn)
Jewellery
 h - a cursed amulet of inaccuracy (around neck)
Comestibles
 e - a bread ration


   Skills:
 + Level 3.1 Fighting
 * Level 2.4 Maces & Flails
 + Level 0.6 Throwing
 + Level 2.6 Armour
 + Level 2.5 Shields


You had one spell level left.
You didn't know any spells.

Dungeon Overview and Level Annotations

Branches:
Dungeon (2/15)

Altars:

Annotations:
D:2 Sigmund


Innate Abilities, Weirdness & Mutations

You cannot wear boots.
Your serpentine skin is tough (AC +0).
You have supernaturally acute eyesight.
Armour fits poorly on your strangely shaped body.
Your system is resistant to poisons.
You cover ground very slowly.
You have a slow metabolism.
You can spit poison.


Message History

Unknown command.
MOVING TO (-3,0) Unknown command.
Unknown command.
Unknown command.
MOVING TO (-2,0) Sigmund hits you from afar with a scythe!
The giant newt bites you but does no damage.
Unknown command.
Unknown command.
Unknown command.
MOVING TO (-1,0) Unknown command.
Unknown command.
Unknown command.
Drink which item? (? for menu, Esc to quit)
You feel very mighty all of a sudden.
The giant newt bites you but does no damage.
Sigmund hits you from afar with a scythe!
You die...

#.# #.############# #
#>........#<...
#.#.........#..##
#.#.#####...(....
#................
#######..............
+...Nl@K..........###
############...(#....
#.(..#..## #....#....
#..#...... #.....?...
#.##.##.


You could see Sigmund, a kobold and a giant newt.

Table legend:
 A = Turns spent in this place as a percentage of turns spent in the entire game.
 B = Non-inter-level travel turns spent in this place as a percentage of non-inter-level travel turns spent in the entire game.
 C = Inter-level travel turns spent in this place as a percentage of turns spent in this place.
 D = Turns resting spent in this place as a percentage of non-inter-level travel turns spent in this place.
 E = Turns spent auto-exploring this place as a percentage of non-inter-level travel turns spent in this place.
 F = Non-inter-level travel turns spent in this place divided by the number of levels of this place that you've seen.
                   A       B       C       D       E      F
               +-------+-------+-------+-------+-------+----------------------
         Total | 100.0 | 100.0 |   0.1 |   1.2 |   2.4 | 689.0
       Dungeon | 100.0 | 100.0 |   0.1 |   1.2 |   2.4 | 689.0
               +-------+-------+-------+-------+-------+----------------------

Table legend:
 A = Kills in this place as a percentage of kills in entire the game.
 B = Kills by you in this place as a percentage of kills by you in the entire game.
 C = Kills by friends in this place as a percentage of kills by friends in the entire game.
 D = Other kills in this place as a percentage of other kills in the entire game.
 E = Experience gained in this place as a percentage of experience gained in the entire game.
 F = Experience gained in this place divided by the number of levels of this place that you have seen.
                   A       B       C       D       E      F
               +-------+-------+-------+-------+-------+----------------------
         Total | 100.0 | 100.0 |  -nan |  -nan | 100.0 |  14.5
       Dungeon | 100.0 | 100.0 |  -nan |  -nan | 100.0 |  14.5
               +-------+-------+-------+-------+-------+----------------------

Vanquished Creatures
  An ooze (D:1)
  3 hobgoblins (D:1)
  2 jackals (D:1)
  A ball python (D:1)
  A bat (D:1)
  A giant cockroach (D:1)
  A goblin (D:1)
  4 kobolds (D:1)
  2 rats (D:1)
16 creatures vanquished.

Notes
Turn   | Place    | Note
--------------------------------------------------------------
     0 | D:1      | gw the Naga Fighter began the quest for the Orb.
     0 | D:1      | Reached XP level 1. HP: 21/21 MP: 1/1
   291 | D:1      | Reached XP level 2. HP: 26/28 MP: 2/2
   961 | D:2      | Noticed Sigmund
   970 | D:2      | Slain by Sigmund

Action                   || total
-------------------------++-------
Melee: Flail             ||    49
Throw: Stone             ||    31
  Use: Potion            ||     1

Vault maps used:
D:1:      minmay_arrival_hallway
D:2:      nicolae_overflow_crystal_walls, uniq_sigmund
